 Dungeon Crawl Stone Soup version 0.28-a0-828-g0121872642 (webtiles) character file.

Game seed: 7865258349444660900

4 cheechan the Shooter (level 1, -1/19 HPs)
             Began as a Naga Hunter on Nov 10, 2021.
             Slain by a quokka (2 damage)
             ... on level 1 of the Dungeon.
             The game lasted 00:01:52 (267 turns).

cheechan the Shooter (Naga Hunter)                   Turns: 267, Time: 00:01:53

Health: -1/19      AC:  1    Str: 14    XL:     1   Next: 60%
Magic:  1/1        EV:  9    Int: 11    God:
Gold:   31         SH:  0    Dex: 11    Spells: 0/0 levels left

rFire   . . .      SeeInvis +   a - +1 shortbow
rCold   . . .      Faith    .   (shield currently unavailable)
rNeg    . . .      Spirit   .   c - +0 leather armour
rPois   +          Reflect  .   (no helmet)
rElec   .          Harm     .   (no cloak)
rCorr   .          Rampage  .   (no gloves)
Will    .....                   (no barding)
Stlth   +.........              (no amulet)
HPRegen 0.06/turn               (no ring)
MPRegen 0.07/turn               (no ring)

@: very slow
A: AC +0, large, see invisible, deformed body, poison resistance, slowness 2,
spit poison 1, naga tail 1
a: Spit Poison


You were on level 1 of the Dungeon.
You visited 1 branch of the dungeon, and saw 1 of its levels.

You collected 31 gold pieces.

Inventory:

Hand Weapons
 a - a +1 shortbow (weapon)
 b - a +0 short sword
Missiles
 d - 30 arrows (quivered ammo)
Armour
 c - a +0 leather armour (worn)
Scrolls
 g - 2 scrolls of teleportation
Potions
 e - a potion of might {unknown}
 f - 2 potions of curing


   Skills:
 + Level 2.0 Fighting
 + Level 3.7 Bows
 + Level 1.7 Dodging
 + Level 1.7 Stealth


You couldn't memorise any spells.
You didn't know any spells.
Your spell library was empty.

Dungeon Overview and Level Annotations

Branches:
Dungeon (1/15)

Altars:


Innate Abilities, Weirdness & Mutations

Your serpentine skin is tough. (AC +0)
You have supernaturally acute eyesight. (SInv)
Armour fits poorly on your strangely shaped body.
Your system is resistant to poisons. (rPois)
You cover ground very slowly.
You can spit poison.
You have a snake-like lower body.


Message History

Aim: a quokka (48% to hit)
You shoot an arrow. The arrow closely misses the quokka.
The hobgoblin shouts!
The quokka bites you.
* * * LOW HITPOINT WARNING * * *
Okay, then.
You feel better. The quokka bites you.
* * * LOW HITPOINT WARNING * * *
The quokka barely misses you.
Abil: Spit Poison
Press: ? - help, Q - select action, (/) - cycle Shift-Dir - straight line, f/p - quokka
Aim: a quokka The splash of poison misses the quokka.
The quokka closely misses you.
Unknown command.
Fire: 34 arrows
Press: ? - help, Shift-Dir - straight line, f/p - quokka
Aim: a quokka (48% to hit)
You shoot an arrow. The arrow completely misses the quokka.
The quokka bites you.
* * * LOW HITPOINT WARNING * * *
Unknown command.
Fire: 33 arrows
Press: ? - help, Shift-Dir - straight line, f/p - quokka
Aim: a quokka (48% to hit)
You shoot an arrow. The arrow barely misses the quokka.
The quokka barely misses you. The quokka closely misses you.
Unknown command.
Fire: 32 arrows
Press: ? - help, Shift-Dir - straight line, f/p - quokka
Aim: a quokka (48% to hit)
You shoot an arrow. The arrow closely misses the quokka.
You have got your breath back.
The hobgoblin hits you but does no damage.
The quokka bites you but does no damage.
Fire: 31 arrows
Press: ? - help, Shift-Dir - straight line, f/p - quokka
Aim: a quokka (48% to hit)
You shoot an arrow. The arrow closely misses the quokka.
The quokka bites you.
You die...

.. .###### .#..... ##.#.#...
##.?...#.. ##.........
##......# . .###..g@...##..
##.## .......r.......##...#
####.......##.. ....#
##.....## #...#
##########...## #...#
##.......###.## #...#
#.....##.# #.# #######...####
#.....##.###(###.............
#............................


You could see a quokka and a hobgoblin.

Vanquished Creatures
  A giant cockroach (D:1)
  A goblin (D:1)
  A kobold (D:1)
  2 rats (D:1)
5 creatures vanquished.

Notes
Turn   | Place    | Note
-------+----------+-------------------------------------------
     0 | D:1      | cheechan the Naga Hunter began the quest for the Orb.
     0 | D:1      | Reached XP level 1. HP: 19/19 MP: 1/1
   267 | D:1      | Slain by a quokka

Illustrated notes

Levels and vault maps discovered:
D:1:      roderic_dead_forest, layout_loops_cross

Action                   || total
-------------------------++-------
 Fire: Shortbow          ||    12
 Abil: Spit Poison       ||     7
  Use: Scroll            ||     2
       Potion            ||     1
Armor: Leather armour    ||     3
Dodge: Dodged            ||     6

Table legend: (Time is in decaauts)
 A = Elapsed time spent in this place.
 B = Non-inter-level travel time spent in this place.
 C = Inter-level travel time spent in this place.
 D = Time resting spent in this place.
 E = Time spent auto-exploring this place.
 F = Levels seen in this place.
 G = Mean time per level.
                   A        B        C        D        E       F      G
               +--------+--------+--------+--------+--------+-----+--------+
         Total |    360 |    360 |      0 |      0 |      0 |   1 |  360.0 |
       Dungeon |    360 |    360 |      0 |      0 |      0 |   1 |  360.0 |
               +--------+--------+--------+--------+--------+-----+--------+

Top non-repeatable levels by time:
     D:1: 360 daAuts
